 Dungeon Crawl Stone Soup version 0.27-a0-1137-g3ef0f4ec91 (webtiles) character file.

Game seed: 11103971360380941200

773 Zeld the Chucker (level 7, -13/46 HPs)
             Began as an Octopode Fighter on May 6, 2021.
             Mangled by a wyvern zombie (14 damage)
             ... on level 5 of the Dungeon.
             The game lasted 00:12:27 (5299 turns).

Zeld the Chucker (Octopode Fighter)                 Turns: 5299, Time: 00:12:27

Health: -13/46     AC:  1    Str: 17    XL:     7   Next: 83%
Magic:  7/7        EV: 11    Int: 10    God:
Gold:   220        SH: 14    Dex: 12    Spells: 6/6 levels left

rFire    . . .     SeeInvis .   a - +0 war axe
rCold    . . .     Faith    .   b - +0 kite shield
rNeg     . . .     Spirit   .   (helmet restricted)
rPois    .         Reflect  +   k - amulet of reflection
rElec    .         Harm     .   r - ring of flight
rCorr    .         Rampage  .   (no ring)
Will     .....                  (no ring)
Stlth    ++........             (no ring)
HPRegen  0.15/turn              (no ring)
MPRegen  0.10/turn              (no ring)
                                (no ring)
                                (no ring)

@: flying
A: almost no armour, amphibious, 8 rings, camouflage 1, gelatinous body 1,
(nimble swimmer 1), tentacles
a: no special abilities


You were on level 5 of the Dungeon.
You visited 1 branch of the dungeon, and saw 5 of its levels.

You collected 220 gold pieces.

Inventory:

Hand Weapons
 a - a +0 war axe (weapon)
Missiles
 n - 10 boomerangs
 o - 26 poisoned darts (quivered)
Armour
 b - a +0 kite shield (worn)
Jewellery
 k - an amulet of reflection (around mantle)
 r - a ring of flight (left tentacle)
Wands
 u - a wand of iceblast (10)
Scrolls
 d - a scroll of immolation {unknown}
 g - a scroll of magic mapping {unknown}
 h - a scroll of enchant weapon {unknown}
 i - a scroll of silence {unknown}
 j - a scroll of enchant armour {unknown}
 q - 4 scrolls of identify {unknown}
 s - 2 scrolls of teleportation {unknown}
 t - a scroll of amnesia {unknown}
 v - 3 scrolls of fog {unknown}
Potions
 e - a potion of curing
 f - a potion of attraction {unknown}
 l - 3 potions of brilliance {unknown}
 m - 2 potions of berserk rage {unknown}
 p - a potion of cancellation


   Skills:
 - Level 3.6 Fighting
 - Level 2.8 Axes
 * Level 7.5 Throwing
 - Level 3.0 Dodging
 - Level 3.6 Shields


You had 6 spell levels left.
You didn't know any spells.
Your spell library contained the following spells:

 Spells                   Type           Power      Damage    Failure   Level
 Summon Forest            Summ/Tloc      0%         N/A       100%        5
 Summon Mana Viper        Hex/Summ       0%         N/A       100%        5
 Shadow Creatures         Summ           N/A        N/A       100%        6
 Summon Hydra             Summ           0%         N/A       100%        7


Dungeon Overview and Level Annotations

Branches:
Dungeon (5/15)
 Temple: D:4-7

Altars:

Shops:
D:1 :

Annotations:
D:4 2 transporters, Mels's ghost, amateur HOFi


Innate Abilities, Weirdness & Mutations

You cannot wear most types of armour.
You are amphibious.
You can wear up to eight rings at the same time.
Your skin changes colour to match your surroundings (Stealth+).
Your rubbery body absorbs attacks. (AC +1, EV +1)
((You are camouflaged near water. (Stealth+)))
You have tentacles for arms and can constrict up to eight enemies at once.


Message History

An adder is nearby!
An adder is nearby!
Found an escape hatch in the ceiling.
The helpless adder fails to defend itself.
You slash the adder!
You kill the adder!
No target in view!
v - 3 scrolls labelled UMEKUI OFIF
Found a whip.
Found a mace.
You see here a +0 whip.
Key pressed, stopping explore.
You see here a +0 whip.
A wyvern zombie comes into view.
You block the wyvern zombie's attack. The wyvern zombie barely misses you.
You hit the wyvern zombie.
The wyvern zombie is lightly damaged.
The wyvern zombie bites you! The wyvern zombie barely misses you.
You slash the wyvern zombie!
The wyvern zombie is moderately damaged.
You block the wyvern zombie's attack. The wyvern zombie bites you.
You hit the wyvern zombie but do no damage.
The wyvern zombie is moderately damaged.
You block the wyvern zombie's attack. The wyvern zombie bites you!
You are too injured to fight recklessly!
You are too injured to fight recklessly!
You are too injured to fight recklessly!
You feel very mighty all of a sudden. The wyvern zombie bites you!
You slash the wyvern zombie! You squeeze the wyvern zombie!
The wyvern zombie is severely damaged.
You block the wyvern zombie's attack. x2; The wyvern zombie bites you!
* * * LOW HITPOINT WARNING * * *
Unknown command.
It was a potion of cancellation.
Your magical effects are unravelling.
You feel magically purged.
You feel a little less mighty now. The wyvern zombie bites you!
You die...

######## . ####...^..#
#.. ######.......##.
#..####..............#
#..Z@................
.......##...............
#..#####................
. #...........##'##
#..........##...#
#.........##8...8
##........#.)....
.......##
#........#.<.8.<
........#
#........#......


You could see a wyvern zombie.

Vanquished Creatures
  A black bear (D:4)
  3 ogres
  A scorpion (D:5)
  A water moccasin skeleton (D:5)
  A centaur skeleton (D:4)
  A bullfrog skeleton (D:5)
  3 iguanas
  A howler monkey skeleton (D:4)
  6 adders
  A gnoll (D:1)
  An adder skeleton (D:4)
  2 worms
  4 dart slugs
  3 orcs
  7 endoplasms
  8 giant cockroaches
  4 goblins
  5 hobgoblins
  6 jackals
  11 kobolds
  3 quokkas
  7 ball pythons
  5 bats
  8 frilled lizards
  7 rats
  A bush (D:3)
101 creatures vanquished.

Vanquished Creatures (others)
  8 plants (D:3)
8 creatures vanquished.

Grand Total: 109 creatures vanquished

Notes
Turn   | Place    | Note
-------+----------+-------------------------------------------
     0 | D:1      | Zeld the Octopode Fighter began the quest for the Orb.
     0 | D:1      | Reached XP level 1. HP: 16/16 MP: 1/1
   307 | D:1      | Reached XP level 2. HP: 16/21 MP: 2/2
   611 | D:1      | Reached XP level 3. HP: 16/26 MP: 3/3
   833 | D:1      | Found Soxeon's Book Emporium.
  1506 | D:2      | Reached skill level 1 in Throwing
  1506 | D:2      | Reached XP level 4. HP: 32/32 MP: 4/4
  1951 | D:3      | Reached skill level 2 in Throwing
  2242 | D:3      | Reached XP level 5. HP: 30/36 MP: 5/5
  2758 | D:4      | Noticed an ogre
  2877 | D:4      | Noticed a black bear
  2882 | D:4      | Killed a black bear
  2883 | D:4      | Reached skill level 4 in Throwing
  2883 | D:4      | Reached XP level 6. HP: 33/42 MP: 6/6
  2966 | D:4      | Reached skill level 5 in Throwing
  3046 | D:4      | Found a transporter.
  3046 | D:4      | Noticed Mels's ghost (amateur HOFi)
  3247 | D:4      | Reached XP level 7. HP: 41/46 MP: 7/7
  3328 | D:4      | Reached skill level 6 in Throwing
  3414 | D:4      | Found a transporter.
  3965 | D:5      | Entered Level 5 of the Dungeon
  4483 | D:5      | Reached skill level 7 in Throwing
  5298 | D:5      | HP: 1/46 [wyvern zombie (16)]
  5299 | D:5      | Mangled by a wyvern zombie

Illustrated notes

Levels and vault maps discovered:
D:1:      lightli_arrival_statuegarden, layout_rooms, serial_shops, shop,
          grunt_decor_junction
D:2:      layout_basic, kennysheep_cross_room, hangedman_decor_push,
          grunt_decor_mini_mirrors
D:3:      layout_basic, lexackson_kobold_supper
D:4:      layout_cave_pods, gammafunk_ghost_arena
D:5:      layout_cave_pods, grunt_ministairs_7

Skill      XL: |  1  2  3  4  5  6  7 |
---------------+----------------------+-----
Throwing       | 1 2 4 5 7 |  7.5
Fighting       | |  3.6
Axes           | |  2.8
Dodging        | |  3.0
Shields        | |  3.6

Action                   |  1- 3 |  4- 6 |  7- 9 || total
-------------------------+-------+-------+-------++-------
Melee: War axe           |    59 |   111 |    49 ||   219
       Constrict         |    15 |    12 |    10 ||    37
       Tentacles         |    11 |    31 |    13 ||    55
Throw: Dart              |       |     8 |     2 ||    10
       Boomerang         |       |     4 |       ||     4
  Use: Potion            |       |       |     4 ||     4
 Stab: Sleeping          |     4 |     9 |     2 ||    15
Armor: Skin              |     8 |     5 |     6 ||    19
Dodge: Dodged            |    19 |    20 |    15 ||    54
Block: Kite shield       |    28 |    57 |    27 ||   112
       Reflection        |     2 |     1 |       ||     3

Table legend: (Time is in decaauts)
 A = Elapsed time spent in this place.
 B = Non-inter-level travel time spent in this place.
 C = Inter-level travel time spent in this place.
 D = Time resting spent in this place.
 E = Time spent auto-exploring this place.
 F = Levels seen in this place.
 G = Mean time per level.
                   A        B        C        D        E       F      G
               +--------+--------+--------+--------+--------+-----+--------+
         Total |   5430 |   5284 |    146 |    749 |   3797 |   5 | 1086.0 |
       Dungeon |   5430 |   5284 |    146 |    749 |   3797 |   5 | 1086.0 |
               +--------+--------+--------+--------+--------+-----+--------+

Top non-repeatable levels by time:
     D:5: 1351 daAuts
     D:4: 1121 daAuts
     D:1: 1006 daAuts
     D:2: 987 daAuts
     D:3: 964 daAuts
